 Dungeon Crawl Stone Soup version 0.17.0 (webtiles) character file.

2706 radek the Geomancer (level 9, -2/45 HPs)
             Began as a Gargoyle Earth Elementalist on Nov 6, 2015.
             Slain by Rayvis's ghost (18 damage)
             ... on level 7 of the Dungeon.
             The game lasted 00:49:28 (9346 turns).

radek the Geomancer (Gargoyle Earth Elementalist)   Turns: 9346, Time: 00:49:30

Health: -2/45      AC:  7    Str: 13    XL:     9   Next: 65%
Magic:  12/21      EV: 12    Int: 20    God:
Gold:   377        SH:  0    Dex: 10    Spells: 3 memorised, 15 levels left

rFire  . . .     SeeInvis .     a - 68 stones
rCold  . . .     Clarity  .     b - +0 robe
rNeg   + . .     SustAt   .     (no shield)
rPois  ∞         Gourm    .     (no helmet)
rElec  +         Spirit   .     (no cloak)
rCorr  .         Warding  .     (no gloves)
rMut   .         Stasis   .     (no boots)
MR     .....                    (no amulet)
Stlth  ++........               (no ring)
                                I - +2 ring of strength

@: not resistant to hostile enchantments, unstealthy
A: negative energy resistance 1, electricity resistance, unbreathing,
petrification resistance, rot immunity, AC +5
a: no special abilities


You were on level 7 of the Dungeon.
You were not hungry.

You visited 2 branches of the dungeon, and saw 8 of its levels.

You collected 377 gold pieces.

Inventory:

Hand Weapons
 f - a +0 whip
 i - a +0 whip
 l - a +2 whip of flaming
 u - a +1 dagger of pain
 v - a +0 flail
 C - a -3 mace
 E - a +0 dagger of holy wrath
 F - a +3 dagger
 L - a +1 antimagic rapier
Missiles
 a - 68 stones (in hand)
Armour
 b - a +0 robe (worn)
Jewellery
 I - a +2 ring of strength (left hand)
Wands
 o - a wand of invisibility (5)
 D - a wand of lightning (0)
 G - a wand of random effects (35)
 K - a wand of magic darts (25)
Scrolls
 e - 2 scrolls of enchant armour {unknown}
 g - 4 scrolls of amnesia {unknown}
 h - 4 scrolls of remove curse
 j - 9 scrolls of identify
 k - 5 scrolls of teleportation {unknown}
 m - a scroll of enchant weapon {unknown}
 q - 2 scrolls of fear {unknown}
 r - a scroll of blinking {unknown}
 s - a scroll of magic mapping {unknown}
Potions
 t - 3 potions of invisibility {unknown}
 w - 2 potions of curing
 x - 2 potions of brilliance {unknown}
 z - 3 potions of magic {unknown}
 B - a potion of poison {unknown}
Books
 c - a book of Geomancy

   Spells                             Type                      Level
   a - Sandblast                      Earth                        1
   b - Stoneskin                      Transmutation/Earth          2
   c - Passwall                       Transmutation/Earth          3
   d - Stone Arrow                    Conjuration/Earth            3
   e - Petrify                        Transmutation/Earth          4
   f - Lee's Rapid Deconstruction     Earth                        5
 p - a book of Annihilations

   Spells                             Type                      Level
   a - Poison Arrow                   Conjuration/Poison           6
   b - Chain Lightning                Conjuration/Air              8
   c - Lehudib's Crystal Spear        Conjuration/Earth            8
   d - Glaciate                       Conjuration/Ice              9
   e - Fire Storm                     Conjuration/Fire             9
 y - a book of Clouds

   Spells                             Type                      Level
   a - Mephitic Cloud                 Conjuration/Poison/Air       3
   b - Conjure Flame                  Conjuration/Fire             3
   c - Poisonous Cloud                Conjuration/Poison/Air       6
   d - Freezing Cloud                 Conjuration/Ice/Air          6
   e - Ring of Flames                 Charms/Fire                  7
Comestibles
 d - 2 bread rations
 n - 7 meat rations
 A - 3 fruits
 H - 3 chunks of flesh
 J - 2 beef jerkies


   Skills:
 + Level 0.2 Fighting
 + Level 0.2 Maces & Flails
 + Level 0.2 Armour
 + Level 1.5 Dodging
 - Level 2.1 Stealth
 - Level 8.2 Spellcasting
 + Level 6.8 Conjurations
   Level 0.7 Transmutations
 - Level 9.1 Earth Magic
 + Level 0.0 Evocations


You had 15 spell levels left.
You knew the following spells:

 Your Spells              Type           Power        Failure   Level  Hunger
a - Sandblast             Erth           #####.       1%          1    None
b - Stone Arrow           Conj/Erth      #####.       1%          3    None
c - Lee's Rapid Deconstr  Erth           #####.....   8%          5    #####..


Dungeon Overview and Level Annotations

Branches:
Dungeon (7/15)             Temple (1/1) D:6

Altars:
Cheibriados
Elyvilon
Fedhas
Gozag
Makhleb
Nemelex Xobeh
Qazlal
Sif Muna
Xom
Yredelemnul
The Shining One

Shops:
D:4 *   D:6 (

Annotations:
D:7 Rayvis's ghost, novice MiFi


Innate Abilities, Weirdness & Mutations

You are resistant to torment.
Your stone body is resilient (AC +5).
You are immune to poison.
You resist negative energy.
You are resistant to electric shocks.
You can survive without breathing.
You are immune to petrification.
You are immune to rotting.


Message History

Aim: Rayvis's ghost The rocky blast hits Rayvis's ghost.
Rayvis's ghost is lightly damaged.
Rayvis's ghost hits you but does no damage.
Rayvis's ghost laughs crazily.
Rayvis's ghost hits you!
* * * LOW HITPOINT WARNING * * *
Drink which item? (? for menu, Esc to quit)
You feel better.
Rayvis's ghost hits you but does no damage.
Zapping:
D - a wand of lightning (will waste charges)
Press: ? - help, Shift-Dir - straight line, f/p - Rayvis's ghost
Aim: Rayvis's ghost (lightly damaged)
You hear a mighty clap of thunder!
The bolt of lightning hits Rayvis's ghost.
Rayvis's ghost is lightly damaged.
Evoking this partially-identified wand wasted a few charges.
You hear a shout!
Rayvis's ghost hits you!!
You die...

#.#.##.......#####
#.#.########.#....
#.#.# #.#....
#.<.# #......
####### ####.##
.########....#
#.##
.............#
#.##
.............#
#.##
.......W@....#
#.##
.............#
#.##
.............#
#.##
###########....#
#.##
#..............#
#...
#.............)#
####
#........÷.....#
######
#[..........####
#....#
+...........#
#.#...


You could see Rayvis's ghost.

Vanquished Creatures
  Pikel (D:5)
  The ghost of Britaniac the Changer, an amateur NaTm (D:4)
  A hungry ghost (D:7)
  2 ice beasts
  An orc warrior (D:6)
  2 sky beasts
  4 phantoms
  2 centaurs
  2 ogres
  A scorpion (D:6)
  2 crimson imps
  4 hounds
  A quasit (D:4)
  2 orc priests
  3 orc wizards
  An iguana (D:5)
  A gnoll shaman (D:6)
  5 worker ants
  5 gnolls (D:6)
  12 adders
  2 oozes (D:1)
  An adder skeleton (D:6)
  4 worms
  7 giant geckos
  11 orcs
  A ball python (D:2)
  9 bats
  10 giant cockroaches
  8 hobgoblins
  4 jackals (D:3)
  3 quokkas
  7 giant newts
  10 goblins
  4 kobolds
  3 rats
137 creatures vanquished.

Notes
Turn   | Place    | Note
--------------------------------------------------------------
     0 | D:1      | radek the Gargoyle Earth Elementalist began the quest for the Orb.
     0 | D:1      | Reached XP level 1. HP: 10/10 MP: 3/3
   288 | D:1      | Reached skill level 4 in Earth Magic
   288 | D:1      | Reached XP level 2. HP: 15/15 MP: 0/5
  1221 | D:1      | Reached skill level 5 in Earth Magic
  1221 | D:1      | Reached XP level 3. HP: 19/19 MP: 1/6
  1272 | D:1      | Learned a level 3 spell: Stone Arrow
  1987 | D:2      | Reached XP level 4. HP: 18/24 MP: 3/7
  2424 | D:2      | Reached skill level 1 in Conjurations
  3220 | D:3      | Reached XP level 5. HP: 26/28 MP: 3/9
  3227 | D:3      | Learned a level 5 spell: Lee's Rapid Deconstruction
  3506 | D:3      | Found a sparkling altar of Nemelex Xobeh.
  3507 | D:3      | Found an opulent altar of Gozag.
  3757 | D:4      | Noticed a phantom
  3770 | D:4      | Killed a phantom
  3770 | D:4      | Reached XP level 6. HP: 32/32 MP: 6/11
  3881 | D:4      | Reached skill level 6 in Earth Magic
  3976 | D:4      | Found Cosk's Assorted Antiques.
  4174 | D:4      | Noticed an ice beast
  4187 | D:4      | Killed an ice beast
  4466 | D:4      | Noticed an ogre
  4473 | D:4      | Killed an ogre
  4473 | D:4      | Reached XP level 7. HP: 36/36 MP: 6/13
  4509 | D:4      | Noticed Britaniac's ghost (amateur NaTm)
  4516 | D:4      | Killed Britaniac's ghost
  4516 | D:4      | Reached skill level 5 in Spellcasting
  4581 | D:4      | Noticed a phantom
  4586 | D:4      | Killed a phantom
  4970 | D:5      | Entered Level 5 of the Dungeon
  4977 | D:5      | Reached skill level 7 in Earth Magic
  5332 | D:5      | Reached XP level 8. HP: 41/41 MP: 12/16
  5785 | D:5      | Found a blossoming altar of Fedhas.
  5972 | D:5      | Reached skill level 5 in Conjurations
  6116 | D:6      | Found a shimmering altar of Xom.
  6163 | D:5      | Noticed Pikel
  6171 | D:5      | Killed Pikel
  6171 | D:5      | Reached skill level 8 in Earth Magic
  6171 | D:5      | Reached XP level 9. HP: 23/45 MP: 10/20
  7163 | D:6      | Upgraded the game from 0.17-b1-36-g7b1967c to 0.17.0
  7443 | D:6      | Found Vilyh's Weapon Emporium.
  7754 | D:6      | Found a staircase to the Ecumenical Temple.
  7759 | Temple   | Entered the Ecumenical Temple
  9223 | D:7      | Reached skill level 9 in Earth Magic
  9261 | D:7      | Found a snail-covered altar of Cheibriados.
  9318 | D:7      | Noticed Rayvis's ghost (novice MiFi)
  9346 | D:7      | Slain by Rayvis's ghost

Action                   |  1- 3 |  4- 6 |  7- 9 || total
-------------------------+-------+-------+-------++-------
Melee: Whip              |    16 |       |    12 ||    28
       Flail             |       |     1 |     4 ||     5
       Rapier            |       |       |    22 ||    22
 Cast: Sandblast         |    76 |   122 |   192 ||   390
       Lee's Rapid Decon |       |       |     5 ||     5
Evoke: Wand              |       |       |     1 ||     1
  Use: Scroll            |       |       |     3 ||     3
       Potion            |       |       |     2 ||     2
  Eat: Chunk             |     4 |     7 |     9 ||    20
       Royal jelly       |       |     1 |       ||     1
       Beef jerky        |       |       |     1 ||     1
       Bread ration      |       |       |     1 ||     1
